 Dungeon Crawl Stone Soup version 0.31-a0-851-g7ff8af7 (webtiles) character file.

Game seed: 740652052009882345

1805475 BarneyGumball the Invulnerable (level 25, 253/253 HPs)
             Began as a Minotaur Chaos Knight on Oct 7, 2023.
             Was a Favourite Plaything of Xom.
             Escaped with the Orb
             ... and 3 runes!
             The game lasted 03:30:42 (58392 turns).

BarneyGumball the Invulnerable (MiCK)              Turns: 58392, Time: 03:30:43

Health: 253/253    AC: 37    Str: 30    XL:     25   Next: 97%
Magic:  22/22      EV: 15    Int: 15    God:    Xom [......]
Gold:   5434       SH:  6    Dex: 16    Spells: 24/24 levels left

rFire   + + +        D - +9 executioner's axe (distort)
rCold   + . .        (shield currently unavailable)
rNeg    + + .        P - +5 gold dragon scales
rPois   +            (helmet restricted)
rElec   +            H - scarf "Jevvauhuis" {repulsion, Slay+5}
rCorr   +            n - +0 pair of gloves of Fortitude {-Cast Will+ Str+6}
SInv    .            T - -1 pair of boots of Baldness {rPois rF++ rC- rCorr}
Will    +++++        N - amulet of the Four Winds {rN+ Will+++ Clar} Stlth
                     Y - ring "Sipnug" {rElec rCorr Str-5 Int+6 Stlth+}
HPRegen 0.62/turn    x - ring of positive energy
MPRegen 0.18/turn

%: no spellcasting, repel missiles, clarity
@: studying 2 skills
A: horns 2, retaliatory headbutt, claws 1, hooves 1, iridescent scales 1, large
bone plates 2, thin skeletal structure 1, agile 1, cold resistance 1, mutation
resistance 2, strong 1, wild magic 2
0: Orb of Zot
}: 3/15 runes: serpentine, barnacled, silver
a: Renounce Religion


You escaped.
You worshipped Xom.
You were a very special plaything of Xom.
You visited 8 branches of the dungeon, and saw 44 of its levels.
You visited the Abyss 2 times.
You also visited: Bailey and Volcano.

You collected 7681 gold pieces.
You spent 2247 gold pieces at shops.

Inventory:

Hand Weapons
 b - a +0 vampiric broad axe
 D - a +9 executioner's axe of distortion (weapon)
Missiles
 d - 29 boomerangs (quivered)
 v - 6 silver javelins
Armour
 n - the +0 pair of gloves of Fortitude (worn) {-Cast Will+ Str+6}
   (You acquired it on level 1 of the Shoals)

   Str+6:     It affects your strength (+6).
   Will+:     It increases your willpower.
   -Cast:     It prevents spellcasting.
 H - the scarf "Jevvauhuis" (worn) {repulsion, Slay+5}
   (You found it on level 5 of the Vaults)

   Slay+5:    It affects your accuracy & damage with ranged weapons and melee
   (+5).
 P - +5 gold dragon scales (worn)
 T - the -1 pair of boots of Baldness (worn) {rPois rF++ rC- rCorr}
   (You found it on level 5 of the Lair of Beasts)

   rF++:      It greatly protects you from fire.
   rC-:       It makes you vulnerable to cold.
   rPois:     It protects you from poison rCorr: It protects you from acid and
   corrosion.
Jewellery
 g - the ring "Iguadyew" {Fly rF+ MP+9 Str+4}
   (You found it on level 3 of the Depths)

   [ring of magical power]

   Str+4:     It affects your strength (+4).
   rF+:       It protects you from fire.
   MP+9:      It affects your magic capacity (+9).
   Fly:       It grants you flight.
 x - a ring of positive energy (right hand)
 y - a ring of protection from cold
 E - the amulet "Qoegeikk" {Spirit rElec rCorr}
   (Xom gifted it to you on level 2 of the Depths)

   [amulet of guardian spirit]

   Spirit:    It causes incoming damage to be divided between your reserves of
   health and magic.
   rElec:     It insulates you from electricity.
   rCorr:     It protects you from acid and corrosion.
 N - the amulet of the Four Winds (around neck) {rN+ Will+++ Clar}
   (You found it on level 10 of the Dungeon)

   [amulet of nothing]

   rN+:       It protects you from negative energy.
   Will+++:   It greatly increases your willpower.
   Clar:      It protects you from confusion, rage, mesmerisation and fear.
 Q - the necklace of Bloodlust {Fury *Rage Will++ Int-3 Slay+6}
   (You found it on level 11 of the Dungeon)

   [amulet of nothing]

   Fury:      It extends the wearer's berserk rage when killing foes.
   Int-3:     It affects your intelligence (-3).
   Slay+6:    It affects your accuracy & damage with ranged weapons and melee
   (+6).
   Will++:    It greatly increases your willpower.
   *Rage:     It berserks you when you make melee attacks (+50% chance).
 Y - the ring "Sipnug" (left hand) {rElec rCorr Str-5 Int+6 Stlth+}
   (Xom gifted it to you on level 5 of the Vaults)

   [ring of resist corrosion]

   Str-5:     It affects your strength (-5).
   Int+6:     It affects your intelligence (+6).
   rElec:     It insulates you from electricity.
   rCorr:     It protects you from acid and corrosion.
   Stlth+:    It makes you more stealthy.
Wands
 f - a wand of flame (28)
 j - a wand of charming (55)
 q - a wand of acid (26)
 u - a wand of mindburst (58)
 w - a wand of digging (13)
 C - a wand of iceblast (19)
 O - a wand of polymorph (18)
Scrolls
 c - 6 scrolls of teleportation
 e - 2 scrolls of immolation
 k - 6 scrolls of revelation
 o - 10 scrolls of vulnerability
 p - 7 scrolls of amnesia
 t - 11 scrolls of fear
 A - 2 scrolls of brand weapon
 B - 9 scrolls of poison
 G - 8 scrolls of silence
 M - 2 scrolls of blinking
 R - 2 scrolls of butterflies
 S - 6 scrolls of fog
Potions
 h - 15 potions of curing
 i - 11 potions of attraction
 r - 4 potions of berserk rage
 s - 9 potions of lignification
 z - 2 potions of cancellation
 I - 10 potions of mutation
 J - 7 potions of might
 K - 11 potions of enlightenment
 L - 4 potions of ambrosia
 U - a potion of heal wounds
 W - a potion of resistance
 X - 3 potions of invisibility
Miscellaneous
 a - a sack of spiders
 m - a phantom mirror
 V - a lightning rod (4/4)
 Z - a phial of floods


   Skills:
 + Level 26.1 Fighting
 + Level 26.5 Axes
 - Level 15.0 Throwing
 O Level 27 Armour
 + Level 14.9 Dodging
 - Level 15.0 Shields
 + Level 14.4 Evocations


You had 24 spell levels left.
You didn't know any spells.
Your spell library contained the following spells:

 Spells                   Type           Power      Damage    Failure   Level
 Apportation              Tloc           0%         N/A       90%         1
 Foxfire                  Conj/Fire      0%         2x1d4     90%         1
 Kiss of Death            Conj/Necr      0%         2d5       90%         1
 Magic Dart               Conj           0%         1d3       90%         1
 Necrotise                Necr           0%         1d4       90%         1
 Shock                    Conj/Air       0%         1d3       90%         1
 Slow                     Hex            0%         N/A       90%         1
 Sting                    Tmut/Pois      0%         1d3       90%         1
 Summon Small Mammal      Summ           0%         N/A       90%         1
 Cigotuvi's Dreadful Rot  Necr/Pois/Air  0%         N/A       97%         2
 Ensorcelled Hibernation  Hex/Ice        0%         N/A       97%         2
 Passwall                 Tmut/Erth      0%         N/A       97%         2
 Poisonous Vapours        Pois/Air       0%         N/A       97%         2
 Scorch                   Fire           0%         2d5       97%         2
 Searing Ray              Conj           0%         2d4       97%         2
 Static Discharge         Conj/Air       0%         2-2/arc   97%         2
 Sublimation of Blood     Necr           0%         N/A       97%         2
 Wereblood                Tmut           0%         N/A       97%         2
 Confusing Touch          Hex            0%         N/A       99%         3
 Frozen Ramparts          Ice            0%         1d1       99%         3
 Ignite Poison            Fire/Tmut/Pois 0%         N/A       99%         3
 Mephitic Cloud           Conj/Pois/Air  0%         N/A       99%         3
 Sigil of Binding         Hex            0%         N/A       99%         3
 Swiftness                Air            0%         N/A       99%         3
 Tukima's Dance           Hex            0%         N/A       99%         3
 Vampiric Draining        Necr           0%         2d6       99%         3
 Airstrike                Air            0%         2d(0-16)  100%        4
 Animate Armour           Summ/Erth      0%         N/A       100%        4
 Animate Dead             Necr           0%         N/A       100%        4
 Brom's Barrelling Bould  Conj/Erth      0%         2d3       100%        4
 Dispel Undead            Necr           0%         3d6       100%        4
 Flame Wave               Conj/Fire      0%         2d4       100%        4
 Fulminant Prism          Conj/Hex       0%         3d5       100%        4
 Leda's Liquefaction      Hex/Erth       0%         N/A       100%        4
 Olgreb's Toxic Radiance  Pois           0%         N/A       100%        4
 Passage of Golubria      Tloc           0%         N/A       100%        4
 Petrify                  Tmut/Erth      0%         N/A       100%        4
 Summon Lightning Spire   Summ/Air       0%         N/A       100%        4
 Vhi's Electric Charge    Tloc/Air       0%         N/A       100%        4
 Arcjolt                  Conj/Air       0%         1d10      100%        5
 Borgnjor's Vile Clutch   Necr/Erth      0%         N/A       100%        5
 Fireball                 Conj/Fire      0%         3d3       100%        5
 Freezing Cloud           Conj/Ice/Air   0%         6-21      100%        5
 Irradiate                Conj/Tmut      0%         3d11      100%        5
 Iskenderun's Battlesphe  Conj           0%         2d6       100%        5
 Lee's Rapid Deconstruct  Erth           0%         3d4*      100%        5
 Metabolic Englaciation   Hex/Ice        0%         N/A       100%        5
 Summon Mana Viper        Hex/Summ       0%         N/A       100%        5
 Yara's Violent Unravell  Hex/Tmut       0%         3d3       100%        5
 Bombard                  Conj/Erth      0%         9d1       100%        6
 Conjure Ball Lightning   Conj/Air       0%         3x3d6     100%        6
 Death Channel            Necr           0%         N/A       100%        6
 Plasma Beam              Fire/Air       0%         2x1d10    100%        6
 Simulacrum               Ice/Necr       0%         N/A       100%        6
 Starburst                Conj/Fire      0%         6d3       100%        6
 Summon Cactus Giant      Summ           0%         N/A       100%        6
 Haunt                    Necr/Summ      0%         N/A       100%        7
 Malign Gateway           Summ/Tloc      0%         N/A       100%        7
 Orb of Destruction       Conj           0%         9d5       100%        7
 Ozocubu's Refrigeration  Ice            0%         4d7       100%        7
 Spellforged Servitor     Conj/Summ      0%         N/A       100%        7
 Summon Hydra             Summ           0%         N/A       100%        7
 Infestation              Necr           0%         N/A       100%        8
 Maxwell's Capacitive Co  Air            0%         ∞         100%        8
 Summon Horrible Things   Summ           0%         N/A       100%        8
 Polar Vortex             Ice            0%         N/A       100%        9
 Shatter                  Erth           0%         3d5*      100%        9


Dungeon Overview and Level Annotations

Branches:
Dungeon (15/15)            Temple (0/1) D:6            Lair (5/5) D:11
 Shoals (4/4) Lair:2        Snake (4/4) Lair:3        Slime (0/5) Lair:5
    Orc (2/2) D:9             Elf (0/3) Orc:2        Vaults (5/5) D:14
  Crypt (0/3) Vaults:3     Depths (4/4) D:15            Zot (5/5) Depths:4
 Bailey (visited)         Volcano (visited)

Altars:
Dithmenos
Gozag
Hepliaklqana
Nemelex Xobeh
Okawaru
Qazlal
Sif Muna
Xom
Yredelemnul

Shops:
D:6 **   D:8 *   D:11 ?   Orc:2 =*[(=   Shoals:2 *   Snake:1 (   Snake:3 !!*
Vaults:4 !

Portals:
Hell: Depths:1 Depths:2 Depths:3 Depths:4
Abyss: Depths:3
Pandemonium: Depths:2
Ziggurat: Depths:1
Trove: Vaults:4 (give 8 potions of haste)

Annotations:
Lair:5 2 transporters, exclusion: 2 oklob plants, Hug's ghost, journeyman DsSh
Vaults:2 2 transporters, Nycvuote's ghost, adept DrSh
Depths:1 exclusion: hell hog
Depths:2 exclusions: 4 hell hogs and 1 more exclusion
Abyss:1 Mlioglotl; Vashnia; Vv


Innate Abilities, Weirdness & Mutations

You have a pair of horns on your head.
You reflexively headbutt those who attack you in melee.
You have sharp fingernails.
You have large cloven feet.
You are partially covered in iridescent scales. (AC +2)
You are mostly covered in large bone plates. (SH +6)
You have a somewhat thin skeletal structure. (Dex +2, Stealth+)
You are agile. (Dex +4, Str/Int -1)
Your flesh is cold resistant. (rC+)
You are somewhat resistant to both further mutation and mutation removal.
Your muscles are strong. (Str +4, Int/Dex -1)
Your spells are harder to cast, but more powerful.


Message History

You climb upwards.
There is a stone staircase leading down here.
A Tzitzimitl comes into view.
There is a stone staircase leading up here.
You climb upwards.
There is a stone staircase leading down here.
You see here 6 stones.
An Ice Fiend comes into view.
The Ice Fiend roars!
The Ice Fiend gestures at you. The bolt of cold hits you! You resist.
The Ice Fiend claws you but does no damage.
The Ice Fiend closely misses you.
You barely miss the Ice Fiend. You headbutt the Ice Fiend!
The Ice Fiend is lightly wounded.
You completely miss the Ice Fiend. You headbutt the Ice Fiend!
The Ice Fiend is moderately wounded.
The Ice Fiend completely misses you. You block the Ice Fiend's attack.
You slice the Ice Fiend!!
You headbutt the Ice Fiend, but do no damage.
The Ice Fiend is heavily wounded.
The Ice Fiend barely misses you. You furiously retaliate!
You headbutt the Ice Fiend!
The Ice Fiend claws you but does no damage.
You open the Ice Fiend like a pillowcase!!!
You kill the Ice Fiend!
An Executioner comes into view.
The Executioner gestures.
The Executioner seems to speed up.
There is a stone staircase leading up here.
The Executioner hits you but does no damage.
The Executioner hits you. x2; The Executioner completely misses you.
The Executioner hits you but does no damage.
The Executioner completely misses you.
You climb upwards.
There is a stone staircase leading down here.
HP restored.
There is an open door here.
There is a staircase leading out of the dungeon here.
You have escaped!

P≈≈≈P~~.....#
#.......>..######
.~~≈~≈~...### #..#######.#
~.~≈≈~..~.#### #..# #.#
.~P≈≈P~P.....####..#
###†######
.~~~≈≈≈≈...........#
#..†......
.~.≈≈≈≈~~.##.#####.#
#.#....... ...≈≈≈≈~P.##.#
#.### #.########
..~~≈≈≈≈....######...# #.#
..~~~≈≈~.~..#P~.@###.###.#
####
...~~≈≈≈≈~..#♣P..##...##.#
#...
.#.~~~≈≈P..##♣♣.≈#.......#
#.##
....~~~≈P..##P..♣##...####
#.#
#....≈~~....#♣..P###.##
#.# #.#..~~~...)'..~♣# #.#
#.#
#...~~≈~....#..P♣###.###
#.#
##..~~≈~~...#♣.♣≈#.....#
#.#
#..~≈≈~P...##'###.....#
#.#


There were no monsters in sight!

Vanquished Creatures
  4 dread liches
  5 orbs of fire (Zot:5)
  4 ancient liches
  A juggernaut (Depths:4)
  Frederick (Vaults:3)
  3 Killer Klowns
  2 curse toes
  Nikola (Snake:1)
  the Enchantress (Depths:3)
  A bone dragon (Abyss:4)
  A profane servitor (Depths:4)
  8 golden dragons
  A Tzitzimitl (Zot:1)
  An electric golem (Zot:5)
  A walking crystal tome (Depths:3)
  Jorgrun (Abyss:4)
  Rupert (Vaults:3)
  14 tentacled monstrosities
  2 Ice Fiends
  25 Orb Guardians
  A walking divine tome (Depths:3)
  6 titans
  2 liches (Depths:2)
  3 quicksilver dragons (Zot:5)
  6 sphinxes
  A kraken (Shoals:1)
  An acid blob (Lair:5)
  An Executioner (Zot:5)
  4 death cobs
  10 shadow dragons
  2 tentacled starspawn (Abyss:3)
  2 draconian monks
  An ancient champion (Vaults:3)
  6 storm dragons
  Agnes (Snake:1)
  4 tengu reavers
  12 fire giants
  4 nagarajas
  4 frost giants
  3 draconian knights
  12 vault wardens
  3 iron dragons (Vaults:5)
  A deep elf sorcerer (Vaults:5)
  5 draconian scorchers
  6 orc warlords
  7 draconian annihilators
  2 ghost moths
  4 draconian shifters
  A balrug (Depths:3)
  A cacodemon (Depths:1)
  4 spriggan defenders
  4 draconian stormcallers
  18 ironbound preservers
  A formless jellyfish (shapeshifter) (Depths:2)
  4 ironbound thunderhulks
  4 war gargoyles
  A quicksilver ooze (Shoals:4)
  A broodmother (Depths:3)
  3 formless jellyfish
  18 stone giants
  14 very ugly things
  3 vampire knights
  8 black draconians
  10 purple draconians
  2 deep elf demonologists (Depths:2)
  Azrael (Snake:1)
  A deep elf annihilator (Depths:2)
  14 yellow draconians
  5 green draconians
  6 red draconians
  5 white draconians
  21 dire elephants
  2 crystal guardians
  Snorg (D:10)
  5 spark wasps (Depths:3)
  A merfolk javelineer (Shoals:4)
  A blizzard demon (Depths:1)
  4 fire dragons
  4 deep elf death magi
  11 ettins
  16 yaktaur captains
  3 jiangshi (Depths:1)
  8 merfolk impalers
  Josephine (D:10)
  4 deep elf high priests
  7 great orbs of eyes
  3 rakshasas
  A catoblepas (Vaults:5)
  31 vault guards
  5 peacekeepers
  3 spriggan air magi
  5 merfolk avatars
  8 ironbound frosthearts
  7 salamander tyrants
  9 ice dragons
  7 centaur warriors
  4 hydras
  11 anacondas
  5 boulder beetles
  A death knight (D:15)
  5 ogre magi
  4 two-headed ogres
  3 merfolk aquamancers
  2 vampire magi
  2 alligator snapping turtles
  3 tengu warriors
  15 death yaks
  A spriggan berserker (Depths:3)
  14 deep troll earth magi
  6 shock serpents
  15 naga warriors
  11 naga sharpshooters
  An orc high priest (Orc:2)
  12 deep troll shamans
  4 soul eaters
  21 hell knights
  4 iron trolls
  Sonja (D:10)
  2 deep elf knights (Depths:2)
  6 skysharks
  12 salamander mystics
  8 sun demons
  5 skeletal warriors
  4 sixfirhies
  A fire crab (Shoals:2)
  A spectral anaconda (Lair:5)
  14 sea snakes
  A spectral death yak (Lair:5)
  15 ironbound convokers
  2 glowing orange brains (Depths:2)
  A fire crab (shapeshifter) (D:13)
  53 deep trolls
  9 naga ritualists
  A flayed ghost (Depths:4)
  An obsidian statue (Lair:5)
  11 phantasmal warriors
  A deep elf archer (Depths:2)
  8 lindwurms (Vaults:1)
  2 deep elf zephyrmancers (Depths:2)
  9 wizards
  A steelbarb worm (shapeshifter) (Vaults:5)
  12 harpies
  A wolf spider (Vaults:5)
  14 orc knights
  7 necromancers
  11 fauns
  3 deep elf pyromancers
  4 orc sorcerers
  28 ugly things
  14 mana vipers
  32 salamanders
  A tengu skeleton (Vaults:1)
  17 moths of wrath
  5 elephants (Lair:5)
  16 manticores
  A human skeleton (Vaults:1)
  7 merfolk sirens
  5 cyclopes
  3 water nymphs
  14 vault sentinels
  50 black mambas
  5 smoke demons
  5 guardian serpents
  17 naga magi
  4 gargoyles
  13 cane toads
  2 hellions
  An orange demon (Zot:5)
  A dire elephant skeleton (Lair:5)
  A torpor snail (Lair:5)
  4 rime drakes
  An unseen horror (shapeshifter) (Vaults:5)
  5 kobold demonologists
  An unseen horror (D:10)
  A tormentor (D:12)
  5 ice devils
  9 komodo dragons
  32 yaktaurs
  6 tengu conjurers
  11 trolls
  A hellwing (Abyss:3)
  A polar bear (Lair:2)
  A tengu simulacrum (Vaults:1)
  20 merfolk
  22 blink frogs
  5 wind drakes
  4 raiju (Abyss:3)
  2 spectral elephants (Lair:5)
  6 snapping turtles
  13 dream sheep
  A frost giant simulacrum (Vaults:1)
  27 slime creatures
  A shadow (D:12)
  A centaur simulacrum (D:14)
  A deep troll skeleton (Vaults:1)
  A ynoxinul (Depths:2)
  A culicivora (Zot:3)
  An ettin skeleton (Abyss:3)
  2 spriggans (Depths:3)
  13 wyverns
  5 wraiths
  2 fire elementals (Snake:1)
  3 fire bats (Shoals:2)
  12 starcursed masses (Abyss:3)
  52 yaks
  11 water elementals
  A death yak simulacrum (Lair:5)
  4 golden eyes (Zot:5)
  A steam dragon (Lair:3)
  7 vampire mosquitoes
  2 spectral cane toads (Lair:5)
  3 large abominations (Abyss:3)
  42 nagas
  12 wargs
  An acid dragon (D:10)
  A floating eye (Depths:3)
  25 water moccasins
  4 hell hounds (Snake:1)
  34 orc warriors
  A swamp drake (D:11)
  2 elephant zombies (Lair:5)
  3 ice beasts
  5 black bears
  5 ogres
  2 black bears (shapeshifter)
  3 small abominations
  7 wolves
  3 elephant skeletons (Lair:5)
  9 centaurs
  A phantom (D:6)
  5 kobold brigands
  7 bullfrogs
  8 gnoll sergeants
  2 scorpions
  2 cane toad simulacra (Lair:5)
  15 wights
  An elephant simulacrum (Lair:5)
  12 howler monkeys
  2 electric eels (Bailey)
  A crimson imp (Depths:1)
  19 orc priests
  3 hounds
  5 gnoll boudas (D:10)
  10 jellies
  4 iguanas
  2 sleepcaps (D:5)
  23 orc wizards
  5 hell rats (Lair:2)
  9 adders
  29 gnolls
  A shadow imp (D:6)
  3 white imps
  2 ufetubi
  3 worms
  3 dart slugs
  55 orcs
  7 ball pythons
  18 endoplasms
  A giant cockroach (D:1)
  10 goblins
  8 hobgoblins
  7 jackals
  3 quokkas
  8 bats
  2 frilled lizards
  7 kobolds
  2 rats
  A spectral weapon (Snake:3)
  A starspawn tentacle (Abyss:3)
  2 tentacles (Shoals:1)
1866 creatures vanquished.

Vanquished Creatures (collateral kills)
  A tentacled monstrosity (Zot:5)
  A deep elf master archer (Depths:2)
  A draconian scorcher (Zot:5)
  A white draconian (Zot:2)
  A two-headed ogre (D:10)
  A lindwurm (Vaults:1)
  A deep elf zephyrmancer (Depths:2)
  An orc warrior (Orc:2)
  An ice beast (D:8)
  A bullfrog (D:8)
  A wight (D:8)
  2 orcs (D:8)
  3 goblins (D:8)
16 creatures vanquished.

Vanquished Creatures (others)
  2 ironbound preservers
  A black draconian (Zot:5)
  A naga sharpshooter (Snake:4)
  A spectral death yak (Lair:5)
  A wyvern (D:7)
  A yak (Lair:1)
  An orc wizard (Orc:2)
  2 starspawn tentacles (Abyss:3)
  5 tentacles (Shoals:1)
15 creatures vanquished.

Grand Total: 1897 creatures vanquished

Notes
Turn   | Place    | Note
-------+----------+-------------------------------------------
     0 | D:1      | BarneyGumball the Minotaur Chaos Knight began the quest for
                  | the Orb.
     0 | D:1      | Reached XP level 1. HP: 19/19 MP: 0/0
    24 | D:1      | XOM: silly message
    60 | D:1      | Reached XP level 2. HP: 26/26 MP: 1/1
   162 | D:1      | XOM: divination: detect creatures
   226 | D:1      | XOM: divination: detect items
   370 | D:1      | Reached skill level 5 in Axes
   499 | D:1      | XOM: divination: magic mapping
   592 | D:1      | XOM: silly message
   954 | D:2      | Reached XP level 3. HP: 27/31 MP: 2/2
   957 | D:2      | XOM: draining
  1182 | D:2      | Found a shimmering blue altar of Sif Muna.
  1437 | D:3      | Found a faded altar of an unknown god.
  1496 | D:3      | XOM: stat loss: -1 Int (8/9)
  1504 | D:3      | Reached XP level 4. HP: 32/35 MP: 3/3
  1664 | D:3      | Found a shimmering altar of Xom.
  1992 | D:4      | XOM: 1-stop teleportation journey
  2024 | D:4      | XOM: butterfly on damage
  2027 | D:4      | Reached XP level 5. HP: 23/45 MP: 4/4
  2211 | D:4      | Found a sparkling altar of Nemelex Xobeh.
  2309 | D:4      | XOM: stat loss: -1 Str (17/18)
  2343 | D:4      | XOM: polymorph gnoll -> jelly
  2482 | D:4      | XOM: silly message
  2580 | D:4      | Reached XP level 6. HP: 50/51 MP: 5/5
  2582 | D:4      | XOM: chaos upgrade
  2647 | D:4      | XOM: smoke on damage
  2766 | D:4      | Found an iron altar of Okawaru.
  2893 | D:4      | XOM: summons 4 hostile demons
  2956 | D:4      | XOM: stat loss: -1 Dex (9/10)
  2981 | D:4      | XOM: summons 4 hostile demons
  2982 | D:4      | Noticed a ynoxinul
  2982 | D:4      | Noticed a soul eater
  2982 | D:4      | XOM: butterfly on damage
  3133 | D:5      | Entered Level 5 of the Dungeon
  3153 | D:5      | XOM: noise
  3219 | D:5      | Reached XP level 7. HP: 41/57 MP: 6/6
  3343 | D:5      | XOM: swap monsters
  3347 | D:5      | Reached skill level 10 in Axes
  3796 | D:5      | XOM: give mutation
  3796 | D:5      | Gained mutation: You are clumsy. (Dex -2) [Xom's mischief]
  3862 | D:5      | XOM: give mutations
  3862 | D:5      | Gained mutation: Your magical capacity is low. (-10% MP)
                  | [Xom's mischief]
  3862 | D:5      | Gained mutation: You have a pair of large horns on your
                  | head. [Xom's mischief]
  3862 | D:5      | Gained mutation: You are partially covered in large bone
                  | plates. (SH +4) [Xom's mischief]
  3874 | D:5      | Found a basalt altar of Yredelemnul.
  3913 | D:5      | XOM: give mutations
  3913 | D:5      | Gained mutation: You have sharp toenails. [Xom's grace]
  3913 | D:5      | Gained mutation: You have supernaturally acute eyesight.
                  | (SInv) [Xom's grace]
  3913 | D:5      | Gained mutation: You are resistant to electric shocks.
                  | (rElec) [Xom's grace]
  3913 | D:5      | Gained mutation: You are partially covered in iridescent
                  | scales. (AC +2) [Xom's grace]
  4154 | D:5      | Found a shimmering blue altar of Sif Muna.
  4195 | D:6      | Found Ackon's Specific Store.
  4195 | D:6      | Found Toemn's General Store.
  4224 | D:6      | Bought a scroll of identify for 28 gold pieces
  4224 | D:6      | Bought a +0 pair of boots for 63 gold pieces
  4224 | D:6      | Bought a scroll of teleportation for 42 gold pieces
  4279 | D:6      | Found an opulent altar of Gozag.
  4312 | D:6      | XOM: scenery: summon butterflies
  4413 | D:6      | Reached XP level 8. HP: 57/66 MP: 6/6
  4470 | D:6      | XOM: divination: detect creatures
  4621 | D:6      | Reached skill level 3 in Armour
  4670 | D:6      | Found a staircase to the Ecumenical Temple.
  4981 | D:6      | Noticed a slime creature
  4984 | D:6      | Reached skill level 4 in Armour
  4995 | D:6      | Killed a slime creature
  4996 | D:6      | Reached skill level 5 in Fighting
  5371 | D:7      | Identified the +5 chain mail of the Hecatoncheires {Harm
                  | Str+2}
  5379 | D:7      | XOM: divine lightning
  5434 | D:7      | Noticed a komodo dragon
  5444 | D:7      | XOM: divination: detect items
  5523 | D:7      | Reached skill level 5 in Armour
  5544 | D:7      | XOM: 1-stop teleportation journey
  5581 | D:7      | Reached XP level 9. HP: 72/75 MP: 7/7
  5894 | D:8      | XOM: polymorph yak -> blink frog
  5906 | D:8      | Reached skill level 6 in Armour
  5912 | D:8      | XOM: 1-stop teleportation journey
  6072 | D:8      | Noticed an eight-headed hydra
  6102 | D:8      | Found a flagged portal.
  6121 | D:8      | XOM: cast spell 'Monstrous Menagerie'
  6144 | D:8      | Reached skill level 7 in Armour
  6169 | D:8      | XOM: scenery: create altars
  6222 | D:8      | Noticed a brown ugly thing
  6228 | D:8      | XOM: 1-stop teleportation journey
  6242 | D:8      | XOM: enchant monster (good)
  6244 | D:8      | XOM: scenery: create altars
  6255 | D:8      | Reached XP level 10. HP: 44/88 MP: 8/8
  6259 | D:8      | Reached skill level 8 in Armour
  6334 | D:8      | XOM: confuse monster(s)
  6365 | D:8      | XOM: cleaving
  6370 | D:8      | Noticed a skeletal warrior
  6380 | D:8      | Killed a skeletal warrior
  6398 | Bailey   | Entered a bailey
  6653 | Bailey   | Reached skill level 15 in Axes
  6653 | Bailey   | Noticed a rust devil
  6658 | Bailey   | XOM: enchant monster (good)
  6665 | Bailey   | XOM: scenery: 2 doors close
  6701 | Bailey   | XOM: cleaving
  6799 | Bailey   | Reached skill level 1 in Evocations
  6927 | Bailey   | Found an iron altar of Okawaru.
  6927 | Bailey   | Noticed an orc knight
  6932 | Bailey   | Noticed a rust devil
  6933 | Bailey   | XOM: confuse monster(s)
  6938 | Bailey   | Killed an orc knight
  6965 | Bailey   | XOM: fog
  6966 | Bailey   | Noticed an orange demon
  7118 | Bailey   | Found the +5 demon whip "Spellbinder" {antimagic, disrupt,
                  | Will+}
  7190 | Bailey   | Acquired a +2 executioner's axe of distortion
  7197 | D:8      | Killed a brown ugly thing
  7214 | D:8      | XOM: god gift: wand of mindburst (6)
  7247 | D:8      | Found Ucuyth's General Store.
  7251 | D:8      | Bought a scroll of poison for 52 gold pieces
  7251 | D:8      | Bought a potion of haste for 130 gold pieces
  7251 | D:8      | Bought a scroll of teleportation for 39 gold pieces
  7251 | D:8      | Bought a potion of enlightenment for 65 gold pieces
  7382 | D:8      | XOM: summons friendly shadow imp
  7383 | D:8      | XOM: scenery: summon butterflies
  7387 | D:8      | Reached XP level 11. HP: 48/94 MP: 8/8
  7536 | D:8      | XOM: summons 1 hostile demon
  8109 | D:9      | Found a staircase to the Orcish Mines.
  8114 | D:9      | XOM: god gift: scale mail {god gift}
  8167 | D:9      | XOM: divination: detect items
  8169 | D:9      | XOM: scenery: create altars
  8449 | D:9      | XOM: god gift: wand of iceblast (5)
  8989 | D:10     | Entered Level 10 of the Dungeon
  8989 | D:10     | Noticed a two-headed ogre
  9019 | D:10     | Noticed a two-headed ogre
  9023 | D:10     | XOM: confuse monster(s)
  9025 | D:10     | Killed a two-headed ogre
  9026 | D:10     | Reached skill level 5 in Evocations
  9220 | D:10     | Found a stormy altar of Qazlal.
  9303 | D:10     | XOM: summons friendly crimson imp
  9304 | D:10     | Noticed Snorg
  9311 | D:10     | XOM: enchant monster (bad)
  9454 | D:10     | Found the amulet of the Four Winds {rN+ Will+++ Clar}
  9491 | D:10     | Noticed a two-headed ogre
  9492 | D:10     | XOM: enchant monster (bad)
  9494 | D:10     | XOM: cast spell 'Olgreb's Toxic Radiance'
  9497 | D:10     | XOM: summons friendly iron imp
  9499 | D:10     | Killed a two-headed ogre
  9512 | D:10     | Killed a two-headed ogre
  9513 | D:10     | Reached skill level 1 in Throwing
  9672 | D:10     | XOM: enchant monster (bad)
  9822 | D:10     | XOM: cast spell 'Cause Fear'
  9836 | D:10     | XOM: noise
  9840 | D:10     | Noticed Sonja
  9842 | D:10     | Killed Snorg
  9861 | D:10     | Killed Sonja
  9862 | D:10     | Reached XP level 12. HP: 40/103 MP: 9/9
  9873 | D:10     | Reached skill level 5 in Dodging
 10135 | D:10     | XOM: cast spell 'Alistair's Intoxication'
 10285 | D:10     | XOM: cloud trail
 10494 | D:10     | Noticed an ogre mage
 10513 | D:10     | Reached skill level 9 in Armour
 10521 | D:10     | XOM: noise
 10529 | D:10     | XOM: noise
 10530 | D:10     | XOM: confuse monster(s)
 10532 | D:10     | Killed an ogre mage
 10838 | D:10     | XOM: summons friendly shadow imp
 10844 | D:10     | Noticed Josephine
 10860 | D:10     | Killed Josephine
 11070 | D:11     | Noticed a two-headed ogre
 11072 | D:11     | XOM: potion effect (might)
 11073 | D:11     | XOM: enchant monster (good)
 11077 | D:11     | Killed a two-headed ogre
 11110 | D:11     | Found a frozen archway.
 11133 | D:11     | Found Ziovyufu's Magic Scroll Shoppe.
 11142 | D:11     | Bought a scroll of butterflies for 52 gold pieces
 11142 | D:11     | Bought a scroll of identify for 26 gold pieces
 11142 | D:11     | Bought a scroll of fear for 52 gold pieces
 11142 | D:11     | Bought a scroll of torment for 123 gold pieces
 11142 | D:11     | Bought a scroll of identify for 26 gold pieces
 11181 | D:11     | XOM: god gift: chain mail {god gift}
 11188 | D:11     | XOM: 5-stop teleportation journey
 11355 | D:11     | Noticed a two-headed ogre
 11359 | D:11     | XOM: summons 2 friendly demons
 11363 | D:11     | Killed a two-headed ogre
 11364 | D:11     | Reached skill level 10 in Fighting
 11364 | D:11     | Reached skill level 10 in Armour
 11376 | D:11     | Found the necklace of Bloodlust {Fury *Rage Will++ Int-3
                  | Slay+6}
 11376 | D:11     | XOM: 1-stop teleportation journey
 11378 | D:11     | XOM: polymorph deep troll -> faun
 11381 | D:11     | Reached skill level 5 in Throwing
 11400 | D:11     | XOM: polymorph manticore -> salamander
 11618 | D:11     | XOM: 10-stop teleportation journey
 11706 | D:11     | XOM: enchant monster (bad)
 11742 | D:11     | XOM: confuse monster(s)
 11779 | D:11     | XOM: give mutations
 11779 | D:11     | Gained mutation: You are strong-willed. (Will+) [Xom's
                  | grace]
 11779 | D:11     | Gained mutation: Your spells are a little harder to cast,
                  | but a little more powerful. [Xom's grace]
 11779 | D:11     | Gained mutation: Your flesh is heat resistant. (rF+) [Xom's
                  | grace]
 11779 | D:11     | Gained mutation: Your mind is acute. (Int +4, Str/Dex -1)
                  | [Xom's grace]
 11814 | D:11     | Found a staircase to the Lair.
 12095 | D:12     | Reached XP level 13. HP: 114/114 MP: 10/10
 12214 | D:12     | XOM: 3-stop teleportation journey
 12217 | D:12     | XOM: cast spell 'Disjunction'
 12233 | D:12     | XOM: smoke on damage
 12343 | D:12     | XOM: give mutations
 12343 | D:12     | Gained mutation: Your muscles are strong. (Str +4, Int/Dex
                  | -1) [Xom's grace]
 12343 | D:12     | Gained mutation: You are mostly covered in large bone
                  | plates. (SH +6) [Xom's grace]
 12343 | D:12     | Gained mutation: Your spells are harder to cast, but more
                  | powerful. [Xom's grace]
 12343 | D:12     | Gained mutation: You possess an exceptional clarity of
                  | mind. [Xom's grace]
 12589 | D:12     | XOM: destruction
 12666 | D:12     | XOM: swap monsters
 12923 | D:11     | XOM: give mutations
 12923 | D:11     | Gained mutation: You are highly strong-willed. (Will++)
                  | [Xom's grace]
 12923 | D:11     | Gained mutation: Your flesh is very heat resistant. (rF++)
                  | [Xom's grace]
 12923 | D:11     | Gained mutation: You have razor-sharp toenails. [Xom's
                  | grace]
 13016 | D:12     | XOM: noise
 13160 | D:12     | XOM: summons 7 hostile demons
 13540 | D:12     | XOM: potion effect (experience)
 13540 | D:12     | Reached XP level 14. HP: 122/122 MP: 11/11
 13789 | D:13     | Reached skill level 11 in Armour
 14003 | D:13     | XOM: 2-stop teleportation journey
 14009 | D:13     | XOM: 9-stop teleportation journey
 14356 | D:13     | XOM: summons 6 hostile demons
 14647 | D:13     | XOM: give mutations
 14647 | D:13     | Lost mutation: Your magical capacity is low. (-10% MP)
                  | [Xom's mischief]
 14647 | D:13     | Lost mutation: You are resistant to electric shocks.
                  | (rElec) [Xom's mischief]
 14647 | D:13     | Lost mutation: You possess an exceptional clarity of mind.
                  | [Xom's mischief]
 14808 | D:13     | XOM is BORED!
 15097 | Lair:1   | Entered Level 1 of the Lair of Beasts
 15151 | Lair:1   | XOM: enchant monster (good)
 15165 | Lair:1   | XOM: enchant monster (good)
 15169 | Lair:1   | XOM: cleaving
 15279 | Lair:1   | XOM: god gift: wand of charming (3)
 15979 | Lair:2   | Found a staircase to the Shoals.
 15982 | Lair:2   | XOM: potion effect (might)
 16067 | Lair:2   | XOM: give mutations
 16067 | Lair:2   | Lost mutation: You have razor-sharp toenails. [Xom's grace]
 16067 | Lair:2   | Lost mutation: You have sharp toenails. [Xom's grace]
 16067 | Lair:2   | Gained mutation: You have large cloven feet. [Xom's grace]
 16067 | Lair:2   | Gained mutation: Your flesh is cold resistant. (rC+) [Xom's
                  | grace]
 16067 | Lair:2   | Gained mutation: You have very sharp teeth. [Xom's grace]
 16067 | Lair:2   | Gained mutation: Your muscles are very strong. (Str +8,
                  | Int/Dex -2) [Xom's grace]
 16170 | Lair:2   | XOM: confuse monster(s)
 16176 | Lair:2   | Reached skill level 12 in Armour
 16232 | Lair:2   | XOM: scenery: create altars
 16793 | Lair:2   | XOM: cloud trail
 16826 | Lair:3   | XOM: scenery: summon butterflies
 17038 | Lair:3   | Found a staircase to the Snake Pit.
 17042 | Lair:3   | XOM: summons friendly crimson imp
 17054 | Lair:3   | XOM: fake destruction
 17083 | Lair:3   | XOM: summons 3 friendly demons
 17157 | Lair:3   | XOM: god gift: plate armour {god gift}
 17327 | Lair:3   | XOM: swap monsters
 17354 | Lair:3   | Found a dark tunnel.
 17363 | Volcano  | Entered a volcano
 17384 | Volcano  | XOM: silly message
 17388 | Volcano  | Reached XP level 15. HP: 134/134 MP: 14/14
 17487 | Volcano  | Identified the +0 pair of gloves "Cieny" {Contam rC- Str+4
                  | Int+10}
 17544 | Lair:3   | XOM: 7-stop teleportation journey
 17612 | Lair:3   | XOM: summons friendly shadow imp
 17685 | Lair:3   | XOM: cloud trail
 17804 | Lair:3   | XOM: silly message
 18161 | Lair:4   | XOM: silly message
 18165 | Lair:4   | XOM: confuse monster(s)
 18184 | Lair:4   | Reached skill level 13 in Armour
 18192 | Lair:4   | XOM: silly message
 18417 | Lair:4   | XOM: summons 3 hostile shadow creatures
 18715 | Lair:4   | XOM: 7-stop teleportation journey
 18734 | Lair:4   | XOM: potion effect (experience)
 18734 | Lair:4   | Reached XP level 16. HP: 144/144 MP: 15/15
 18738 | Lair:4   | XOM: divination: detect creatures
 18790 | Lair:4   | You fall into a shaft and drop 1 floor!
 18790 | Lair:5   | Entered Level 5 of the Lair of Beasts
 18804 | Lair:5   | XOM: confuse monster(s)
 18812 | Lair:5   | XOM: confusion (+ monsters)
 18815 | Lair:5   | XOM: cast spell 'Alistair's Intoxication'
 18819 | Lair:5   | XOM: enchant monster (bad)
 18820 | Lair:5   | Found a staircase to the Slime Pits.
 18823 | Lair:5   | XOM: cast spell 'Death Channel'
 19209 | Lair:5   | XOM: cast spell 'Call Canine Familiar'
 19306 | Lair:5   | Found a transporter.
 19313 | Lair:5   | Noticed Hug's ghost (journeyman DsSh)
 19344 | Lair:5   | Found a transporter.
 19347 | Lair:5   | XOM is BORED!
 19347 | Lair:5   | XOM: noise
 19364 | Lair:5   | XOM: enchant monster (bad)
 19371 | Lair:5   | XOM: silly message
 19723 | Lair:5   | XOM: divine lightning
 19725 | Lair:5   | XOM: 5-stop teleportation journey
 19783 | Lair:5   | Reached skill level 15 in Fighting
 19794 | Lair:5   | a dire elephant changed into an acid blob
 19794 | Lair:5   | Noticed an acid blob
 19794 | Lair:5   | XOM: polymorph dire elephant -> acid blob
 19799 | Lair:5   | Killed an acid blob
 19870 | Lair:5   | XOM: confuse monster(s)
 19871 | Lair:5   | XOM: summons 6 friendly demons
 19905 | Lair:5   | XOM: enchant monster (good)
 20062 | Lair:5   | XOM: fog
 20115 | Lair:5   | Identified the -1 pair of boots of Baldness {rPois rF++ rC-
                  | rCorr}
 20205 | Lair:5   | Identified the staff "Kisauty" {rF- rN+ Str+3 Int+2 Stlth+
                  | Necro} (Xom gifted it to you on level 5 of the Lair of
                  | Beasts)
 20205 | Lair:5   | XOM: god gift: staff "Kisauty" {rF- rN+ Str+3 Int+2 Stlth+
                  | Necro}
 20420 | Lair:5   | XOM: give mutations
 20420 | Lair:5   | Gained mutation: You possess an exceptional clarity of
                  | mind. [Xom's grace]
 20420 | Lair:5   | Lost mutation: You have large cloven feet. [Xom's grace]
 20420 | Lair:5   | Gained mutation: You have sharp toenails. [Xom's grace]
 20472 | Lair:2   | XOM: divination: detect creatures
 20569 | D:11     | XOM is BORED!
 20820 | D:14     | XOM: polymorph tengu warrior -> water nymph
 20821 | D:14     | XOM: fake destruction
 20885 | D:14     | XOM: destruction
 21075 | D:14     | XOM: potion effect (haste)
 21077 | D:14     | XOM: cleaving
 21180 | D:14     | Found a gate to the Vaults.
 21185 | D:14     | Reached XP level 17. HP: 136/156 MP: 16/16
 21722 | D:15     | Entered Level 15 of the Dungeon
 21723 | D:15     | Found a shadowy altar of Dithmenos.
 21772 | D:15     | XOM: summons friendly chaos spawn
 21928 | D:15     | Reached skill level 14 in Armour
 22055 | D:15     | XOM: confuse monster(s)
 22150 | D:15     | XOM: cloud trail
 22192 | D:15     | XOM: confuse monster(s)
 22203 | D:15     | Found a staircase to the Depths.
 22277 | D:15     | XOM: cloud trail
 22485 | D:15     | XOM: scenery: summon butterflies
 22992 | D:11     | XOM: god gift: rapier {god gift}
 23006 | Orc:1    | Entered Level 1 of the Orcish Mines
 23094 | Orc:1    | XOM: 3-stop teleportation journey
 23410 | Orc:2    | Entered Level 2 of the Orcish Mines
 23544 | Orc:2    | XOM: 1-stop teleportation journey
 23629 | Orc:2    | Found Yhem Yqe's Jewellery Boutique.
 23812 | Orc:2    | XOM: summons 3 hostile demons
 23841 | Orc:2    | XOM: potion effect (haste)
 24045 | Orc:2    | XOM: summons friendly ufetubus
 24051 | Orc:2    | XOM: potion effect (brilliance)
 24408 | Orc:2    | XOM: noise
 24412 | Orc:2    | XOM: divination: detect items
 24415 | Orc:2    | Found a staircase to the Elven Halls.
 24451 | Orc:2    | Found Enepoc's Antique Armour Boutique.
 24463 | Orc:2    | Found Licli's Jewellery Boutique.
 24602 | Orc:2    | Found Yptuthro's Antique Weapon Boutique.
 24630 | Orc:2    | Found Ynusmunt's General Store.
 24636 | Orc:2    | Bought a scroll of blinking for 127 gold pieces
 24636 | Orc:2    | Bought a scroll of fear for 68 gold pieces
 24636 | Orc:2    | Bought a scroll of enchant armour for 127 gold pieces
 24811 | Orc:2    | XOM: silly message
 24822 | Orc:2    | Bought a ring of flight for 227 gold pieces
 24982 | Snake:1  | Entered Level 1 of the Snake Pit
 25092 | Snake:1  | XOM: 1-stop teleportation journey
 25107 | Snake:1  | XOM: divination: magic mapping
 25162 | Snake:1  | Noticed Agnes
 25162 | Snake:1  | XOM: potion effect (haste)
 25167 | Snake:1  | XOM: noise
 25168 | Abyss:3  | XOM: noise
 25168 | Abyss:3  | Cast into level 3 of the Abyss (Agnes)
 25217 | Abyss:3  | Found a corrupted altar of Lugonu.
 25220 | Abyss:3  | Noticed a bone dragon
 25227 | Abyss:3  | Banished a bone dragon
 25258 | Abyss:3  | XOM: give mutation
 25258 | Abyss:3  | Lost mutation: Your spells are harder to cast, but more
                  | powerful. [Xom's mischief]
 25260 | Abyss:3  | Reached skill level 15 in Armour
 25366 | Abyss:3  | Found a corrupted altar of Lugonu.
 25472 | Abyss:4  | XOM: chaos cloud
 25478 | Abyss:4  | XOM: give mutations
 25478 | Abyss:4  | Lost mutation: You have sharp toenails. [Xom's mischief]
 25478 | Abyss:4  | Lost mutation: You are highly strong-willed. (Will++)
                  | [Xom's mischief]
 25478 | Abyss:4  | Lost mutation: Your muscles are very strong. (Str +8,
                  | Int/Dex -2) [Xom's mischief]
 25478 | Abyss:4  | Lost mutation: Your mind is acute. (Int +4, Str/Dex -1)
                  | [Xom's mischief]
 25503 | Abyss:4  | Killed a bone dragon
 25549 | Snake:1  | Escaped the Abyss
 25552 | Snake:1  | Killed Agnes
 25616 | Snake:1  | Noticed Azrael
 25630 | Snake:1  | Killed Azrael
 25634 | Snake:1  | XOM: swap monsters
 25700 | Snake:1  | Noticed Nikola
 25717 | Snake:1  | Killed Nikola
 25878 | Snake:1  | Noticed Mlioglotl
 25881 | Snake:1  | XOM: swap monsters
 25886 | Snake:1  | Banished Mlioglotl
 25982 | Snake:1  | XOM: give mutation
 25982 | Snake:1  | Gained mutation: You do not regenerate when monsters are
                  | visible. [Xom's mischief]
 25987 | Snake:1  | XOM: smoke on damage
 26005 | Snake:1  | XOM: blink monster(s)
 26271 | Snake:1  | XOM: polymorph anaconda -> skyshark
 26274 | Snake:1  | Found Peoxyz's Weapon Boutique.
 26368 | Snake:1  | XOM: 1-stop teleportation journey
 26514 | Snake:1  | XOM: noise
 26516 | Snake:1  | Reached skill level 16 in Armour
 26520 | Snake:1  | Reached skill level 10 in Throwing
 26523 | Snake:1  | XOM: blink monster(s)
 26527 | Snake:1  | XOM: chaos upgrade
 26532 | Snake:1  | Reached XP level 18. HP: 140/171 MP: 17/17
 26564 | Snake:1  | XOM: give mutations
 26564 | Snake:1  | Lost mutation: You are clumsy. (Dex -2) [Xom's grace]
 26564 | Snake:1  | Gained mutation: You are mostly covered in iridescent
                  | scales. (AC +4) [Xom's grace]
 26564 | Snake:1  | Lost mutation: You do not regenerate when monsters are
                  | visible. [Xom's grace]
 26564 | Snake:1  | Gained mutation: Your natural rate of healing is unusually
                  | fast. [Xom's grace]
 26564 | Snake:1  | Gained mutation: You expend magic power (3 MP) to
                  | strengthen your wands. [Xom's grace]
 26586 | Snake:1  | Identified the staff "Heasam" {rPois Str+4 Poison}
 26646 | Snake:1  | XOM: cloud trail
 27007 | Snake:2  | Noticed Jorgrun
 27013 | Snake:2  | Noticed Vashnia
 27017 | Snake:2  | XOM: summons friendly ufetubus
 27023 | Snake:2  | Banished Jorgrun
 27025 | Snake:2  | Banished Vashnia
 27147 | Snake:2  | XOM: summons 10 friendly demons
 27155 | Snake:2  | XOM: enchant monster (bad)
 27156 | Snake:2  | XOM: cast spell 'Olgreb's Toxic Radiance'
 27158 | Snake:2  | XOM: enchant monster (good)
 27199 | Snake:2  | XOM: cloud trail
 27326 | Snake:2  | XOM: divination: magic mapping
 27411 | Snake:2  | XOM: noise
 27452 | Snake:2  | XOM: 9-stop teleportation journey
 27455 | Snake:2  | Reached skill level 17 in Armour
 28022 | Snake:3  | XOM: potion effect (curing)
 28171 | Snake:3  | Found Orphap's Distillery.
 28173 | Snake:3  | Found Seacud's Distillery.
 28175 | Snake:3  | Found Cello's Assorted Antiques.
 28179 | Snake:3  | Bought a potion of ambrosia for 136 gold pieces
 28185 | Snake:3  | Bought a potion of berserk rage for 65 gold pieces
 28187 | Snake:3  | Bought a runed scarf for 272 gold pieces
 28187 | Snake:3  | Bought a scroll of fog for 136 gold pieces
 28187 | Snake:3  | Bought a scroll of revelation for 255 gold pieces
 28495 | Snake:3  | XOM: give mutations
 28495 | Snake:3  | Lost mutation: Your flesh is very heat resistant. (rF++)
                  | [Xom's mischief]
 28495 | Snake:3  | Lost mutation: Your muscles are strong. (Str +4, Int/Dex
                  | -1) [Xom's mischief]
 28495 | Snake:3  | Lost mutation: You are strong-willed. (Will+) [Xom's
                  | mischief]
 28686 | Snake:4  | Entered Level 4 of the Snake Pit
 28719 | Snake:4  | XOM: chaos upgrade
 28814 | Snake:4  | XOM: smoke on damage
 28816 | Snake:4  | XOM: polymorph naga sharpshooter -> dream sheep
 28978 | Snake:4  | XOM: potion effect (might)
 29017 | Snake:4  | XOM: confuse monster(s)
 29019 | Snake:4  | Reached skill level 18 in Armour
 29111 | Snake:4  | XOM: 1-stop teleportation journey
 29184 | Snake:4  | XOM: scenery: 1 doors open
 29196 | Snake:4  | Reached XP level 19. HP: 165/183 MP: 18/18
 29260 | Snake:4  | XOM: noise
 29283 | Snake:4  | XOM: cast spell 'Call Canine Familiar'
 29310 | Snake:4  | XOM: smoke on damage
 29325 | Snake:4  | XOM: potion effect (berserk rage)
 29356 | Snake:4  | XOM: divination: detect items
 29430 | Snake:4  | XOM: silly message
 29613 | Snake:4  | XOM: silly message
 29816 | Snake:4  | Got a serpentine rune of Zot
 30143 | Shoals:1 | Entered Level 1 of the Shoals
 30243 | Shoals:1 | XOM is BORED!
 30243 | Shoals:1 | XOM: give mutations
 30243 | Shoals:1 | Lost mutation: You expend magic power (3 MP) to strengthen
                  | your wands. [Xom's mischief]
 30243 | Shoals:1 | Lost mutation: You possess an exceptional clarity of mind.
                  | [Xom's mischief]
 30243 | Shoals:1 | Lost mutation: Your natural rate of healing is unusually
                  | fast. [Xom's mischief]
 30243 | Shoals:1 | Gained mutation: You do not regenerate when monsters are
                  | visible. [Xom's mischief]
 30243 | Shoals:1 | Lost mutation: Your flesh is heat resistant. (rF+) [Xom's
                  | mischief]
 30504 | Shoals:1 | XOM: swap monsters
 30814 | Shoals:1 | Acquired the +0 pair of gloves of Fortitude {-Cast Will+
                  | Str+6}
 30992 | Shoals:1 | XOM: stat loss: -1 Dex (10/11)
 31055 | Shoals:2 | XOM: chaos upgrade
 31070 | Shoals:2 | XOM: silly message
 31257 | Shoals:2 | XOM: 2-stop teleportation journey
 31262 | Shoals:2 | Reached skill level 19 in Armour
 31444 | Shoals:2 | XOM: noise
 31560 | Shoals:2 | Found Naofiuwk's General Store.
 31678 | Shoals:2 | You are sucked into a shaft and drop 1 floor!
 31700 | Shoals:2 | Identified the +1 scale mail of Egroen {Harm rF+ rN+}
 31915 | Shoals:2 | XOM: cloud trail
 32095 | Shoals:2 | XOM: noise
 32217 | Shoals:3 | XOM: blink monster(s)
 32223 | Shoals:3 | XOM: silly message
 32567 | Shoals:3 | XOM: 2-stop teleportation journey
 32606 | Shoals:3 | XOM: 1-stop teleportation journey
 32710 | Shoals:3 | XOM: summons 10 hostile demons
 32784 | Shoals:3 | XOM: noise
 32891 | Shoals:3 | XOM: give mutations
 32891 | Shoals:3 | Gained mutation: You are robust. (+10% HP) [Xom's grace]
 32891 | Shoals:3 | Gained mutation: You are completely covered in iridescent
                  | scales. (AC +6) [Xom's grace]
 32891 | Shoals:3 | Gained mutation: Your spells are harder to cast, but more
                  | powerful. [Xom's grace]
 32891 | Shoals:3 | Gained mutation: Your muscles are strong. (Str +4, Int/Dex
                  | -1) [Xom's grace]
 33234 | Shoals:4 | Entered Level 4 of the Shoals
 33238 | Shoals:4 | XOM: silly message
 33597 | Shoals:4 | XOM is BORED!
 33597 | Shoals:4 | XOM: 5-stop teleportation journey
 33599 | Shoals:4 | XOM: polymorph satyr -> quicksilver ooze
 33601 | Shoals:4 | XOM: noise
 33625 | Shoals:4 | XOM: polymorph faun -> snapping turtle
 33883 | Shoals:4 | Got a barnacled rune of Zot
 34105 | Shoals:4 | XOM: swap monsters
 34192 | Shoals:4 | XOM: summons 1 hostile shadow creature
 34518 | Shoals:4 | XOM: summons 1 hostile demon
 34577 | Shoals:4 | Got a blackened book
 34660 | Shoals:1 | XOM: summons 1 hostile demon
 34664 | Shoals:1 | XOM: summons 5 hostile demons
 34702 | D:11     | XOM: give mutations
 34702 | D:11     | Lost mutation: You are robust. (+10% HP) [Xom's mischief]
 34702 | D:11     | Lost mutation: You have very sharp teeth. [Xom's mischief]
 34874 | Vaults:1 | Entered Level 1 of the Vaults
 34907 | Vaults:1 | Reached XP level 20. HP: 166/198 MP: 19/19
 34907 | Vaults:1 | XOM: chaos upgrade
 34970 | D:14     | XOM: cloud trail
 35125 | Vaults:1 | XOM: silly message
 35329 | Vaults:1 | Reached skill level 20 in Armour
 35405 | Vaults:1 | XOM: potion effect (brilliance)
 35410 | Vaults:1 | XOM: potion effect (brilliance)
 35513 | Vaults:1 | XOM: enchant monster (good)
 35937 | Vaults:1 | XOM: noise
 36076 | Abyss:4  | Cast into level 4 of the Abyss (Xom)
 36097 | Abyss:4  | XOM: give mutations
 36097 | Abyss:4  | Lost mutation: You have supernaturally acute eyesight.
                  | (SInv) [Xom's mischief]
 36097 | Abyss:4  | Gained mutation: You are dopey. (Int -2) [Xom's mischief]
 36098 | Abyss:4  | XOM: stat loss: -1 Int (2/3)
 36106 | Abyss:4  | XOM: stat loss: -1 Str (34/35)
 36117 | Abyss:4  | Killed Jorgrun
 36121 | Abyss:4  | Found a corrupted altar of Lugonu.
 36129 | Vaults:1 | Escaped the Abyss
 36165 | Vaults:1 | XOM: scenery: 3 doors close
 36391 | Vaults:1 | XOM: 1-stop teleportation journey
 36622 | Vaults:1 | XOM: give mutation
 36622 | Vaults:1 | Gained mutation: Your skin changes colour to match your
                  | surroundings (Stealth+). [Xom's grace]
 36668 | Vaults:1 | XOM: swap monsters
 36672 | Vaults:1 | Identified the scarf of Hedging {harm, Regen+ Int-4 Dex+3}
                  | (Xom gifted it to you on level 1 of the Vaults)
 36672 | Vaults:1 | XOM: god gift: scarf of Hedging {harm, Regen+ Int-4 Dex+3}
 36753 | Vaults:1 | XOM: give mutation
 36753 | Vaults:1 | Gained mutation: Your muscles are very strong. (Str +8,
                  | Int/Dex -2) [Xom's grace]
 36898 | Vaults:1 | XOM: silly message
 36979 | Vaults:1 | XOM: divination: detect items
 37030 | Vaults:1 | XOM: silly message
 37196 | Vaults:2 | XOM: silly message
 37205 | Vaults:2 | Reached skill level 15 in Throwing
 37453 | Vaults:2 | XOM: divination: detect creatures
 37492 | Vaults:2 | XOM: silly message
 37555 | Vaults:2 | XOM: potion effect (invisibility)
 37623 | Vaults:2 | XOM: 3-stop teleportation journey
 37714 | Vaults:2 | Found a transporter.
 37714 | Vaults:2 | Found a transporter.
 37714 | Vaults:2 | Noticed Nycvuote's ghost (adept DrSh)
 37859 | Vaults:2 | XOM: confuse monster(s)
 37960 | Vaults:2 | Identified the +0 scale mail of Kiateutt {+Inv Str+2}
 38303 | Vaults:2 | XOM: divination: detect items
 38509 | Vaults:2 | Identified the +5 ring mail of Konoxun {Will++ Str+3 Int-4
                  | Slay+3}
 38536 | Vaults:2 | XOM is BORED!
 38572 | Vaults:2 | Reached skill level 21 in Armour
 38857 | Vaults:2 | XOM: cast spell 'Summon Cactus Giant'
 38936 | Vaults:2 | Identified Dispater's Papyrus of Topomancy and Support (Xom
                  | gifted it to you on level 2 of the Vaults)
 38936 | Vaults:2 | XOM: god gift: Dispater's Papyrus of Topomancy and Support
 39017 | Vaults:3 | XOM: fog
 39183 | Vaults:3 | XOM: cloud trail
 39299 | Vaults:3 | Found a crumbling gateway.
 39575 | Vaults:3 | XOM: scenery: 1 doors open, 2 doors close
 39588 | Vaults:3 | Reached XP level 21. HP: 209/209 MP: 20/20
 39615 | Vaults:3 | XOM: smoke on damage
 39819 | Vaults:3 | Noticed Frederick
 39819 | Vaults:3 | Noticed Rupert
 39823 | Vaults:3 | XOM: summons friendly iron imp
 39832 | Vaults:3 | Killed Frederick
 39834 | Vaults:3 | Killed Rupert
 39835 | Vaults:3 | XOM: scenery: 1 doors close
 40119 | Vaults:3 | Identified the +0 robe of Protective Custody {*Slow MP+9
                  | Int+6 Dex+3}
 40131 | Vaults:3 | XOM: god gift: 7 stones
 40451 | Vaults:3 | XOM: scenery: summon butterflies
 40499 | Vaults:3 | Found a staircase to the Crypt.
 40575 | Vaults:3 | XOM: god gift: potion of invisibility
 40641 | Vaults:3 | XOM: give mutations
 40641 | Vaults:3 | Gained mutation: You are somewhat resistant to further
                  | mutation. [Xom's grace]
 40641 | Vaults:3 | Gained mutation: You are strong-willed. (Will+) [Xom's
                  | grace]
 40641 | Vaults:3 | Gained mutation: You passively map a small area around you.
                  | [Xom's grace]
 40641 | Vaults:3 | Gained mutation: You have a somewhat thin skeletal
                  | structure. (Dex +2, Stealth+) [Xom's grace]
 40681 | Vaults:3 | XOM is BORED!
 40743 | Vaults:3 | XOM: chaos upgrade
 40796 | Vaults:3 | XOM: confusion
 40887 | Vaults:3 | XOM: god gift: plate armour {god gift}
 41201 | Vaults:4 | XOM: cleaving
 41283 | Vaults:4 | Paralysed by a formless jellyfish for 1 turns
 41584 | Vaults:4 | Reached skill level 22 in Armour
 41599 | Vaults:4 | Found a portal to a secret trove of treasure.
 41607 | Vaults:4 | Reached skill level 10 in Evocations
 41624 | Vaults:4 | XOM: cleaving
 41846 | Vaults:4 | XOM: fog
 42096 | Vaults:4 | Found Dicson's Distillery.
 42105 | Vaults:4 | Bought a potion of cancellation for 136 gold pieces
 42451 | Depths:1 | Entered Level 1 of the Depths
 42552 | Depths:1 | XOM: enchant monster (good)
 42718 | Depths:1 | Found the +9 sword of Zonguldrok {reap}
 42722 | Depths:1 | Found a gateway to Hell.
 42947 | Depths:1 | Found a one-way gateway to a ziggurat.
 43162 | Depths:1 | Found the ring of the Mage {Wiz Archmagi}
 43174 | Depths:1 | Identified the +7 short sword "Zucycir" {flame, rF+++ Str-2
                  | Dex+6}
 43468 | Depths:1 | XOM is BORED!
 43468 | Depths:1 | XOM: noise
 43588 | Depths:2 | XOM: give mutations
 43588 | Depths:2 | Lost mutation: You are completely covered in iridescent
                  | scales. (AC +6) [Xom's mischief]
 43588 | Depths:2 | Lost mutation: Your skin changes colour to match your
                  | surroundings (Stealth+). [Xom's mischief]
 43634 | Depths:2 | XOM: divination: detect creatures
 43637 | Depths:2 | Reached skill level 23 in Armour
 43684 | Depths:2 | XOM: enchant monster (bad)
 43853 | Depths:2 | XOM: enchant monster (good)
 43862 | Depths:2 | XOM: silly message
 43935 | Depths:2 | XOM: 10-stop teleportation journey
 43949 | Depths:2 | XOM: summons 5 friendly demons
 43961 | Depths:2 | XOM: scenery: create altars
 43965 | Depths:2 | XOM: summons 16 friendly demons
 43999 | Depths:2 | XOM: 1-stop teleportation journey
 44072 | Depths:2 | Reached XP level 22. HP: 220/220 MP: 21/21
 44078 | Depths:2 | Noticed Vv
 44081 | Depths:2 | Reached skill level 24 in Armour
 44300 | Depths:2 | Banished Vv
 44327 | Depths:2 | XOM: smoke on damage
 45015 | Depths:2 | XOM: summons 5 friendly demons
 45017 | Depths:2 | XOM: 2-stop teleportation journey
 45266 | Depths:2 | Identified the amulet "Qoegeikk" {Spirit rElec rCorr} (Xom
                  | gifted it to you on level 2 of the Depths)
 45266 | Depths:2 | XOM: god gift: amulet "Qoegeikk" {Spirit rElec rCorr}
 45269 | Depths:2 | Found a one-way gate leading to the halls of Pandemonium.
 45434 | Depths:2 | XOM: cast spell 'Monstrous Menagerie'
 45563 | Depths:2 | XOM: scenery: create altars
 45959 | Depths:2 | XOM: 2-stop teleportation journey
 46067 | Depths:3 | XOM: destruction
 46077 | Depths:3 | XOM: polymorph spriggan air mage -> broodmother
 46117 | Depths:3 | XOM: confuse monster(s)
 46119 | Depths:3 | Reached skill level 25 in Armour
 46157 | Depths:3 | Reached skill level 1 in Shields
 46741 | Depths:3 | Identified the ring "Iguadyew" {Fly rF+ MP+9 Str+4}
 46839 | Depths:3 | XOM: noise
 46932 | Depths:3 | XOM: 2-stop teleportation journey
 46936 | Depths:3 | XOM: summons 4 friendly demons
 46937 | Depths:3 | XOM: 11-stop teleportation journey
 47036 | Depths:3 | Found a one-way gate to the infinite horrors of the Abyss.
 47087 | Depths:3 | Paralysed by a floating eye for 3 turns
 47090 | Depths:3 | XOM: scenery: create altars
 47096 | Depths:3 | XOM: give mutations
 47096 | Depths:3 | Gained mutation: You have sharp toenails. [Xom's grace]
 47096 | Depths:3 | Lost mutation: You do not regenerate when monsters are
                  | visible. [Xom's grace]
 47096 | Depths:3 | Gained mutation: Your natural rate of healing is unusually
                  | fast. [Xom's grace]
 47096 | Depths:3 | Gained mutation: You are somewhat resistant to both further
                  | mutation and mutation removal. [Xom's grace]
 47099 | Depths:3 | Reached skill level 5 in Shields
 47221 | Depths:3 | Found a hazy altar of Hepliaklqana.
 47226 | Depths:3 | XOM: scenery: summon butterflies
 47242 | Depths:3 | XOM: give mutations
 47242 | Depths:3 | Gained mutation: You are agile. (Dex +4, Str/Int -1) [Xom's
                  | grace]
 47242 | Depths:3 | Gained mutation: Your system is resistant to poisons.
                  | (rPois) [Xom's grace]
 47242 | Depths:3 | Gained mutation: You are completely covered in iridescent
                  | scales. (AC +6) [Xom's grace]
 47242 | Depths:3 | Gained mutation: You have sharp fingernails. [Xom's grace]
 47250 | Depths:3 | XOM: polymorph butterfly -> gnoll
 47397 | Depths:3 | XOM: scenery: summon butterflies
 47511 | Depths:3 | XOM: potion effect (haste)
 47572 | Depths:3 | XOM: summons friendly neqoxec
 47572 | Depths:3 | Noticed the Enchantress
 47578 | Depths:3 | XOM: polymorph neqoxec -> ynoxinul
 47580 | Depths:3 | XOM: polymorph ynoxinul -> neqoxec
 47593 | Depths:3 | XOM: scenery: summon butterflies
 47594 | Depths:3 | Killed the Enchantress
 47612 | Depths:2 | Reached skill level 26 in Armour
 47628 | Depths:2 | XOM: divination: detect creatures
 47637 | Depths:2 | XOM: scenery: summon butterflies
 47707 | Depths:2 | XOM: summons friendly quasit
 47875 | Depths:2 | XOM: confuse monster(s)
 48141 | Depths:3 | XOM: divination: magic mapping
 48195 | Depths:3 | XOM: give mutations
 48195 | Depths:3 | Lost mutation: You have sharp toenails. [Xom's grace]
 48195 | Depths:3 | Gained mutation: You have large cloven feet. [Xom's grace]
 48195 | Depths:3 | Gained mutation: You have supernaturally acute eyesight.
                  | (SInv) [Xom's grace]
 48195 | Depths:3 | Gained mutation: You have an increased reservoir of magic.
                  | (+10% MP) [Xom's grace]
 48263 | Depths:4 | Entered Level 4 of the Depths
 48364 | Depths:4 | XOM: 1-stop teleportation journey
 48375 | Depths:4 | XOM: divination: detect items
 48379 | Depths:4 | XOM: fake destruction
 48384 | Depths:4 | Reached XP level 23. HP: 176/227 MP: 24/24
 48395 | Depths:4 | XOM: silly message
 48397 | Depths:4 | Found a gate to the Realm of Zot.
 48404 | Depths:4 | XOM: summons 6 hostile demons
 48406 | Depths:4 | Reached skill level 10 in Shields
 48476 | Depths:4 | XOM: noise
 48814 | Depths:4 | XOM: blink monster(s)
 48847 | Depths:4 | XOM: enchant monster (bad)
 48989 | Depths:4 | XOM: noise
 48993 | Depths:4 | Noticed a juggernaut
 49001 | Depths:4 | Killed a juggernaut
 49002 | Depths:4 | Reached skill level 27 in Armour
 49229 | Depths:4 | XOM: smoke on damage
 49326 | Depths:2 | XOM: silly message
 49566 | Vaults:5 | Entered Level 5 of the Vaults
 49579 | Vaults:5 | XOM: potion effect (brilliance)
 49587 | Vaults:5 | XOM: blink monster(s)
 49623 | Vaults:5 | XOM: enchant monster (bad)
 49637 | Vaults:5 | XOM: divination: magic mapping
 49648 | Vaults:5 | XOM: divination: detect items
 49651 | Vaults:5 | XOM: enchant monster (good)
 49672 | Vaults:5 | XOM: potion effect (haste)
 49773 | Vaults:5 | Reached skill level 15 in Shields
 49858 | Vaults:5 | XOM: divination: detect creatures
 49903 | Vaults:5 | XOM: god gift: flail {god gift}
 49929 | Vaults:5 | XOM: polymorph ironbound preserver -> catoblepas
 50019 | Vaults:5 | XOM: 2-stop teleportation journey
 50095 | Vaults:5 | Got a silver rune of Zot
 50135 | Vaults:5 | Identified the scarf "Jevvauhuis" {repulsion, Slay+5}
 50154 | Vaults:5 | Noticed an ancient lich
 50159 | Vaults:5 | Killed an ancient lich
 50284 | Vaults:5 | Noticed an ancient lich
 50297 | Vaults:5 | Killed an ancient lich
 50298 | Vaults:5 | Reached skill level 10 in Dodging
 50340 | Vaults:5 | Identified the ring "Sipnug" {rElec rCorr Str-5 Int+6
                  | Stlth+} (Xom gifted it to you on level 5 of the Vaults)
 50340 | Vaults:5 | XOM: god gift: ring "Sipnug" {rElec rCorr Str-5 Int+6
                  | Stlth+}
 50356 | Vaults:5 | XOM: cast spell 'Disjunction'
 50367 | Vaults:5 | Reached XP level 24. HP: 224/237 MP: 24/24
 50414 | Vaults:5 | XOM: summons 4 friendly demons
 50701 | Vaults:5 | XOM: destruction
 50717 | Vaults:5 | Noticed a dread lich
 50720 | Vaults:5 | XOM: give mutations
 50720 | Vaults:5 | Lost mutation: You have a pair of large horns on your head.
                  | [Xom's mischief]
 50720 | Vaults:5 | Lost mutation: You have an increased reservoir of magic.
                  | (+10% MP) [Xom's mischief]
 50720 | Vaults:5 | Lost mutation: You are strong-willed. (Will+) [Xom's
                  | mischief]
 50720 | Vaults:5 | Lost mutation: You are completely covered in iridescent
                  | scales. (AC +6) [Xom's mischief]
 51202 | Vaults:5 | XOM: scenery: summon butterflies
 51274 | Vaults:5 | Identified the +1 leather armour "Meelove" {rElec rPois rC+
                  | Str+4}
 51302 | Vaults:5 | Killed a dread lich
 51496 | Vaults:2 | XOM: give mutations
 51496 | Vaults:2 | Lost mutation: You are dopey. (Int -2) [Xom's grace]
 51496 | Vaults:2 | Gained mutation: You have hoof-like feet. [Xom's grace]
 51764 | Zot:1    | Entered Level 1 of the Realm of Zot
 51863 | Zot:1    | XOM: stat loss: -1 Int (10/11)
 52046 | Zot:1    | XOM is BORED!
 52046 | Zot:1    | XOM: 2-stop teleportation journey
 52110 | Zot:1    | XOM: noise
 52240 | Zot:1    | XOM: blink monster(s)
 52420 | Zot:1    | XOM: confuse monster(s)
 52559 | Zot:1    | XOM: enchant monster (bad)
 52587 | Zot:1    | XOM: confuse monster(s)
 52981 | Zot:2    | XOM: confuse monster(s)
 53136 | Zot:2    | XOM: 3-stop teleportation journey
 53137 | Zot:2    | Noticed a Killer Klown
 53153 | Zot:2    | Killed a Killer Klown
 53190 | Zot:2    | XOM: noise
 53272 | Zot:2    | XOM: swap monsters
 53712 | Zot:2    | XOM: scenery: summon butterflies
 53762 | Zot:2    | XOM: divination: magic mapping
 53863 | Zot:3    | XOM: cast spell 'Discord'
 53916 | Zot:3    | XOM: give mutation
 53916 | Zot:3    | Lost mutation: You have hoof-like feet. [Xom's mischief]
 54021 | Zot:3    | XOM: polymorph moth of wrath -> culicivora
 54268 | Zot:3    | XOM: scenery: 3 doors close
 54332 | Zot:3    | Lost mutation: Your natural rate of healing is unusually
                  | fast. [mutagenic glow]
 54383 | Zot:3    | Found a basalt altar of Yredelemnul.
 54546 | Zot:3    | XOM: swap monsters
 54688 | Zot:4    | XOM: polymorph green draconian monk -> fire giant
 54735 | Zot:4    | XOM: scenery: create altars
 54949 | Zot:4    | XOM: scenery: create altars
 55023 | Zot:4    | Identified the +2 kite shield of the Harp {Fly Int-2 SInv}
 55313 | Zot:4    | XOM: cloud trail
 55355 | Zot:5    | Entered Level 5 of the Realm of Zot
 55357 | Zot:5    | XOM: scenery: 3 fountains blood, 1 doors open
 55363 | Zot:5    | Reached XP level 25. HP: 249/249 MP: 22/22
 55363 | Zot:5    | XOM: cast spell 'Summon Cactus Giant'
 55584 | Zot:5    | Noticed an orb of fire
 55584 | Zot:5    | Noticed a dread lich
 55584 | Zot:5    | Noticed a Killer Klown
 55584 | Zot:5    | Noticed a Killer Klown
 55584 | Zot:5    | XOM: 4-stop teleportation journey
 55586 | Zot:5    | Noticed a Killer Klown
 55586 | Zot:5    | Noticed an orb of fire
 55586 | Zot:5    | XOM: fog
 55588 | Zot:5    | XOM: blink monster(s)
 55591 | Zot:5    | Noticed an orb of fire
 55591 | Zot:5    | Noticed an orb of fire
 55592 | Zot:5    | Noticed an orb of fire
 55593 | Zot:5    | Noticed an ancient lich
 55594 | Zot:5    | Killed an orb of fire
 55594 | Zot:5    | XOM: divination: detect creatures
 55597 | Zot:5    | XOM: enchant monster (good)
 55600 | Zot:5    | XOM: enchant monster (good)
 56047 | Zot:5    | XOM: confusion (+ monsters)
 56071 | Zot:5    | XOM: summons 2 friendly demons
 56266 | Zot:5    | XOM: blink monster(s)
 56338 | Zot:5    | Killed a Killer Klown
 56340 | Zot:5    | XOM: summons friendly crimson imp
 56361 | Zot:5    | XOM: swap monsters
 56365 | Zot:5    | XOM: enchant monster (bad)
 56495 | Zot:5    | XOM: cloud trail
 56727 | Zot:5    | Noticed a dread lich
 56728 | Zot:5    | Killed an orb of fire
 56953 | Zot:5    | XOM: butterfly on damage
 56954 | Zot:5    | Killed a dread lich
 56954 | Zot:5    | Killed an orb of fire
 56959 | Zot:5    | XOM: enchant monster (bad)
 56960 | Zot:5    | XOM: scenery: create altars
 56965 | Zot:5    | Killed an orb of fire
 57161 | Zot:5    | XOM: cast spell 'Alistair's Intoxication'
 57169 | Zot:5    | Killed a dread lich
 57215 | Zot:5    | XOM: noise
 57227 | Zot:5    | Killed an ancient lich
 57345 | Zot:5    | XOM: give mutations
 57345 | Zot:5    | Lost mutation: You passively map a small area around you.
                  | [Xom's mischief]
 57345 | Zot:5    | Lost mutation: You are mostly covered in iridescent scales.
                  | (AC +4) [Xom's mischief]
 57345 | Zot:5    | Lost mutation: You have supernaturally acute eyesight.
                  | (SInv) [Xom's mischief]
 57364 | Zot:5    | XOM: scenery: summon butterflies
 57369 | Zot:5    | Noticed a dread lich
 57370 | Zot:5    | XOM: divination: detect creatures
 57377 | Zot:5    | XOM: summons 4 friendly demons
 57381 | Zot:5    | Killed a dread lich
 57493 | Zot:5    | XOM: summons 3 hostile demons
 57502 | Zot:5    | Noticed an ancient lich
 57510 | Zot:5    | Killed an ancient lich
 57529 | Zot:5    | XOM: confusion
 57568 | Zot:5    | XOM: silly message
 57607 | Zot:5    | XOM: draining
 57626 | Zot:5    | Killed an orb of fire
 57684 | Zot:5    | Got the Orb of Zot
 57700 | Zot:5    | XOM: enchant monster (bad)
 57703 | Zot:5    | Killed a Killer Klown
 57714 | Zot:5    | XOM: swap monsters
 57718 | Zot:5    | Noticed Fopukuah the pandemonium lord
 57956 | Depths:4 | Noticed Seater the pandemonium lord
 57958 | Depths:4 | XOM: swap monsters
 57959 | Depths:4 | XOM: summons friendly crimson imp
 58006 | Depths:3 | XOM: give mutations
 58006 | Depths:3 | Lost mutation: Your muscles are very strong. (Str +8,
                  | Int/Dex -2) [Xom's mischief]
 58006 | Depths:3 | Lost mutation: Your system is resistant to poisons. (rPois)
                  | [Xom's mischief]
 58234 | D:7      | XOM: summons 4 hostile demons
 58392 | D:$      | Escaped with the Orb!

Illustrated notes

Levels and vault maps discovered:
D:1:      tarquinn_simple_flora_water_f, layout_loops_ring, dk_noncrumbling_2,
          chequers_big_river
D:2:      layout_rooms, basic_altar, minmay_tromino_i4
D:3:      layout_basic, xom_teletrap_fun, hellmonk_ecumenical_altar_heavens_door
D:4:      layout_layer_cave, nicolae_overflow_crystal_walls, okawaru_trees_1,
          serial_bayou, serial_bayou_pond_d, serial_bayou_pond_c,
          serial_bayou_pond_c, serial_bayou_ford_a, st_stairs_9,
          grunt_decor_arrowhead
D:5:      layout_basic, lemuel_coloured_pillars_altar, general_overflow_altar
D:6:      lemuel_slime, layout_loops_ring, mainiacjoe_overflow_boulevard,
          temple_hall, nicolae_specific_store, kennysheep_another_room
D:7:      layout_rooms, hex_intersection
D:8:      minmay_bloctagon, layout_loops_ring, serial_shops,
          nicolae_shop_pleasant_corner_grove, enter_bailey_5
D:9:      layout_long_grid, orc_0_dummy
D:10:     lemuel_castle_with_subvaults [lemuel_castle_interior_carwin_3],
          layout_irregular_city, mainiacjoe_overflow_tiny_flanked, st_stairs_4,
          uniq_josephine, uniq_snorg, uniq_sonja
D:11:     layout_loops_ring, erik_lair_dragon, portal_ice_cave_rime,
          serial_shops, shop, hellmonk_guarded_unrand_vitality_bloodlust
D:12:     layout_stronghold
D:13:     layout_loops_corners
D:14:     layout_loops_corners, skrybe_vaults_entry_preservation,
          nicolae_elevator_lobby_plus
D:15:     hangedman_depths_entry_try_elsewhere_first, layout_loops_ring,
          nicolae_dithmenos_the_darkroom
Lair:1:   layout_regular_city, grunt_megastairs_4
Lair:2:   layout_chaotic_city, nicolae_shoals_entry_roost, serial_bayou_shore_b
Lair:3:   layout_hall_layers, minmay_snake_entry_six_corridors,
          lightli_volcano_entry_magma_tube
Lair:4:   layout_cellular_growth
Lair:5:   due_jungle_book, layout_misc_corridors, slime_entry_1,
          nzn_ghost_randoct
Shoals:1: layout_shoals
Shoals:2: layout_shoals, serial_shops, shop, nicolae_shoals_lost_giant_baths,
          hangedman_shoal_volcano
Shoals:3: layout_shoals, nicolae_shoals_lost_giant_pillars
Shoals:4: shoals_end_grunt_garden, layout_shoals, ebering_ghost_xom
Snake:1:  layout_cave_pods, serial_shops, shop, hangedman_snake_sidewinding,
          uniq_nikola, uniq_azrael, uniq_agnes, uniq_mlioglotl
Snake:2:  layout_onion_interference, uniq_vashnia, uniq_jorgrun
Snake:3:  cheibrodos_snake_lava_hold, layout_misc_corridors,
          nicolae_snake_gridmaze_tees, minmay_shop_star
Snake:4:  johnstein_snake_rune_scales, layout_cave_town, drop_trap,
          nicolae_snake_ghostly_warrior_ritual, serial_bayou_shore_a
Orc:1:    layout_caves, basic_altar, nicolae_orc_tapped_out
Orc:2:    grunt_orc_cross, layout_caves, serial_shops, shop
Vaults:1: nicolae_vaults_storage_closets_2, v_misc_13,
          nicolae_vaults_network_star, nicolae_vaults_weapon_check,
          nicolae_vaults_tetromino_Z_1, vaults_dpeg_diagonal,
          hangedman_vaults_capsules, vaults_dpeg_emergency_exit,
          vaults_room_large_hall, layout_vaults_omnigrid
Vaults:2: gammafunk_ghost_arena, v_alt_pattern_4, v_misc_9,
          nicolae_vaults_tetromino_L_2, nicolae_vaults_sesquioval_fish,
          nicolae_vaults_little_squares_4, nicolae_vaults_big_ls,
          nicolae_vaults_more_shelving_2, vaults_mumra_minichess, v_misc_14,
          nicolae_vaults_specimen_jars, hangedman_vaults_corner_blocks,
          nicolae_vaults_shipping_containers_1, nicolae_vaults_double_plus_1,
          ontoclasm_vaults_spin, nicolae_vaults_trapezoid_layered,
          vaults_room_pool, layout_vaults_omnibox
Vaults:3: portal_desolation_entry_twin_temple, nicolae_vaults_storage_closets_3,
          v_rooms_3, sword_in_stone, v_alt_pattern_3,
          nicolae_vaults_hallways_thing, v_misc_5,
          nicolae_vaults_surprise_closet, vaults_room_semicircle,
          nicolae_vaults_wine_cellar, vaults_dpeg_ring,
          nicolae_vaults_gold_heap, layout_vaults_chaotic_city
Vaults:4: v_misc_29, vaults_room_pool, nicolae_vaults_little_squares_5,
          vaults_dpeg_hooks, nicolae_vaults_cornered_office, v_misc_29,
          nicolae_vaults_triangles, nicolae_vaults_circle_grid_b,
          nicolae_vaults_wrenched, vaults_mumra_hexcomb, layout_vaults_maze,
          nicolae_trove_entry_free_sample, serial_shops, shop
Vaults:5
Depths:1: layout_gridlike, enter_ziggurat_b, hellmouth_1,
          hangedman_abyss_or_decor_lesser_grid, chequers_hall_statues_corner_a,
          corexii_corridor_pit, hangedman_decor_lopped, minmay_crystal_water,
          minmay_fire_ice_demons
Depths:2: minmay_isolated_rectangles_in_corner, layout_basic, hellmouth_3,
          chequers_serial_rivers_micro_e, pan_entry,
          hangedman_abyss_or_decor_stabs, hex_subvault_fishy, uniq_vv
Depths:3: nzn_winding_woodlands_three_and_one [nzn_winding_woodlands_5x15_twine,
          nzn_winding_woodlands_5x15_crooked, nzn_winding_woodlands_5x15_garden,
          nzn_winding_woodlands_center_triple_pond], layout_cave_shapes,
          nicolae_hepliaklqana_hippocampus, abyss_entry_crystal,
          lightli_too_deep, infiniplex_staircase_pool_2, uniq_enchantress
Depths:4: grunt_bruiser_brothers, layout_basic, hell_entry, serial_bayou_pond_a,
          st_stairs_5, lemuel_flame_loot_1
Zot:1:    kennysheep_six_static_rooms, layout_cathedral_of_symmetry,
          kennysheep_underground_church
Zot:2:    layout_onion_interference, st_single_dragon_hoard_4,
          grunt_megastairs_2
Zot:3:    layout_gridlike, basic_altar
Zot:4:    layout_misc_corridors
Zot:5:    layout_gridlike, grunt_megastairs_3

Skill      XL: |  1  2  3  4  5  6  7  8  9 10 11 12 13 14 15 16 17 18 19 20 21 22 23 24 25 |
---------------+----------------------------------------------------------------------------+-----
Axes           | 4 5 7 8 9 11 12 13 16 18 19 20 21 22 24 25 26 | 26.5
Fighting       | 5 8 10 12 13 15 17 19 21 22 23 25 26 | 26.1
Armour         | 5 7 8 10 12 13 16 18 19 21 23 26 27 | 27.0
Dodging        | 4 7 9 10 12 14 | 14.9
Evocations     | 3 5 8 10 11 12 14 | 14.4
Throwing       | 2 5 6 10 12 14 15 | 15.0
Shields        | 9 15 | 15.0

Action                     |  1- 3 |  4- 6 |  7- 9 | 10-12 | 13-15 | 16-18 | 19-21 | 22-24 | 25-27 || total
---------------------------+-------+-------+-------+-------+-------+-------+-------+-------+-------++-------
  Melee: Hand axe          |    81 |     9 |       |       |       |       |       |       |       ||    90
         Headbutt          |    12 |    19 |    38 |    62 |    48 |   180 |   226 |   266 |    85 ||   936
         War axe           |       |   115 |   285 |   107 |       |       |       |       |       ||   507
         Punch             |       |     2 |     2 |       |       |       |       |       |       ||     4
         Kick              |       |       |     2 |       |       |       |       |       |       ||     2
         Executioner's axe |       |       |       |   308 |   277 |   797 |   958 |   897 |   258 ||  3495
         Bite              |       |       |       |       |    13 |   100 |    42 |       |       ||   155
  Throw: Boomerang         |       |       |       |    12 |       |    35 |    11 |    13 |       ||    71
         Dart              |       |       |       |    10 |       |       |       |       |       ||    10
  Evoke: Wand              |       |       |       |     9 |     6 |       |       |     1 |     4 ||    20
         Phial of floods   |       |       |       |       |       |       |     1 |       |       ||     1
    Use: Scroll            |       |     7 |     6 |    11 |     5 |    13 |     4 |    23 |     5 ||    74
         Potion            |       |     2 |     2 |     3 |     4 |     6 |     2 |    10 |     2 ||    31
   Stab: Confused          |       |       |       |     7 |       |     6 |     1 |     8 |       ||    22
         Paralysed         |       |       |       |     1 |       |       |       |     1 |       ||     2
         Invisible         |       |       |       |       |    10 |       |     1 |     3 |       ||    14
         Distracted        |       |       |       |       |       |       |     3 |       |     2 ||     5
 Armour: Leather armour    |     2 |       |       |       |       |       |       |       |       ||     2
         Ring mail         |    19 |       |       |       |       |       |       |       |       ||    19
         Chain mail        |    32 |   133 |   163 |    44 |       |       |       |       |       ||   372
         Skin              |     1 |       |       |       |       |       |       |       |       ||     1
         Robe              |       |       |    13 |       |       |       |       |       |       ||    13
         Storm dragon scal |       |       |       |   196 |   181 |   516 |   741 |   550 |       ||  2184
         Gold dragon scale |       |       |       |       |       |       |       |   263 |   250 ||   513
  Dodge: Dodged            |    37 |    67 |   132 |   218 |   151 |   478 |   368 |   341 |   107 ||  1899
         Repelled          |       |       |       |       |       |       |       |    17 |    10 ||    27
  Block: Other             |       |       |    32 |    56 |    72 |   159 |   207 |   152 |    46 ||   724

Table legend: (Time is in decaauts)
 A = Elapsed time spent in this place.
 B = Non-inter-level travel time spent in this place.
 C = Inter-level travel time spent in this place.
 D = Time resting spent in this place.
 E = Time spent auto-exploring this place.
 F = Levels seen in this place.
 G = Mean time per level.
                   A        B        C        D        E       F      G
               +--------+--------+--------+--------+--------+-----+--------+
         Total |  59830 |  55213 |   4617 |   6600 |  35631 |  49 | 1221.0 |
       Dungeon |  18243 |  16321 |   1922 |   1529 |  11608 |  15 | 1216.2 |
          Lair |   5600 |   5332 |    268 |    374 |   3934 |   5 | 1120.0 |
        Shoals |   4753 |   4519 |    234 |    494 |   3064 |   4 | 1188.2 |
     Snake Pit |   4595 |   4310 |    285 |    242 |   2816 |   4 | 1148.8 |
  Orcish Mines |   1792 |   1701 |     91 |    418 |   1043 |   2 |  896.0 |
        Vaults |   9363 |   8825 |    538 |    887 |   5512 |   5 | 1872.6 |
        Depths |   7649 |   6712 |    937 |   1287 |   3905 |   4 | 1912.2 |
           Zot |   6503 |   6165 |    338 |   1022 |   3746 |   5 | 1300.6 |
         Abyss |    393 |    393 |      0 |     13 |      0 |   3 |  131.0 |
        Bailey |    772 |    772 |      0 |    331 |      0 |   1 |  772.0 |
       Volcano |    164 |    164 |      0 |      0 |      0 |   1 |  164.0 |
               +--------+--------+--------+--------+--------+-----+--------+

Top non-repeatable levels by time:
Depths:2: 3122 daAuts
   Zot:5: 2356 daAuts
Vaults:3: 2226 daAuts
    D:10: 2079 daAuts
Vaults:2: 1980 daAuts
Vaults:5: 1957 daAuts
Vaults:1: 1820 daAuts
Depths:1: 1814 daAuts
    D:14: 1750 daAuts
 Snake:1: 1748 daAuts
    D:12: 1713 daAuts
    D:11: 1635 daAuts
Shoals:3: 1549 daAuts
Depths:3: 1419 daAuts
  Lair:5: 1394 daAuts
